 Dungeon Crawl Stone Soup version 0.27.1 (webtiles) character file.

Game seed: 3865373147309269729

315 calewdscratch the Gusty (level 6, 0/45 HPs)
             Began as a Draconian Air Elementalist on Aug 24, 2021.
             Slain by a gnoll (3 damage)
             ... on level 4 of the Dungeon.
             The game lasted 01:10:45 (6242 turns).

calewdscratch the Gusty (DrAE)                      Turns: 6242, Time: 01:10:46

Health: 0/45       AC:  6    Str: 11    XL:     6   Next: 20%
Magic:  11/21      EV: 12    Int: 17    God:
Gold:   148        SH:  0    Dex: 11    Spells: 7/13 levels left

rFire    . . .     SeeInvis .   m - +0 dagger (drain)
rCold    . . .     Faith    .   (no shield)
rNeg     . . .     Spirit   .   (armour unavailable)
rPois    .         Reflect  .   (helmet restricted)
rElec    .         Harm     .   (no cloak)
rCorr    .         Rampage  .   (no gloves)
Will     .....                  (no boots)
Stlth    ++........             (no amulet)
HPRegen  0.15/turn              o - ring of magical power
MPRegen  0.17/turn              (no ring)

@: swift, quick
A: AC +6, unfitting armour, cold-blooded
a: no special abilities


You were on level 4 of the Dungeon.
You visited 1 branch of the dungeon, and saw 4 of its levels.

You collected 148 gold pieces.

Inventory:

Hand Weapons
 f - a +0 dagger
 i - a +0 short sword
 m - a +0 dagger of draining (weapon)
Missiles
 e - 166 stones
 n - 3 poisoned darts
Magical Staves
 k - a staff of fire
Jewellery
 o - a ring of magical power (left hand)
Scrolls
 a - a scroll of silence
 h - a scroll of vulnerability
 j - a scroll of enchant weapon
Potions
 b - a potion of flight
 c - a potion of lignification
 d - a potion of attraction {unknown}
 g - 2 potions of haste
 l - a potion of magic {unknown}


   Skills:
 + Level 0.2 Fighting
 + Level 0.3 Short Blades
 + Level 1.9 Dodging
 + Level 2.7 Stealth
 + Level 4.0 Spellcasting
 + Level 2.2 Conjurations
 + Level 4.6 Air Magic


You had 7 spell levels left.
You knew the following spells:

 Your Spells              Type           Power      Damage    Failure   Level
a - Shock                 Conj/Air       60%        1d6       3%          1
b - Static Discharge      Conj/Air       15%        N/A       6%          2
c - Swiftness             Air            19%        N/A       7%          3

Your spell library contained the following spells:

 Spells                   Type           Power      Damage    Failure   Level
 Airstrike                Air            9%         N/A       22%         4
 Sublimation of Blood     Necr           1%         N/A       24%         2
 Wereblood                Tmut           3%         N/A       24%         2
 Summon Hydra             Summ           1%         N/A       100%        7


Dungeon Overview and Level Annotations

Branches:
Dungeon (4/15)
 Temple: D:4-7

Altars:
Ashenzari
Hepliaklqana

Annotations:
D:4 Duvessa, Eustachio


Innate Abilities, Weirdness & Mutations

Your plain brown scales are hard. (AC +6)
You cannot fit into any form of body armour.
You are cold-blooded and may be slowed by cold attacks.


Message History

Press: ? - help, Q - select action, (/) - cycle Shift-Dir - straight line, f/p - gnoll
Aim: a gnoll, wielding a +0 halberd (lightly wounded, 75% to hit)
The zap hits the gnoll.
The gnoll is severely wounded.
The zap hits the gnoll.
The gnoll is moderately wounded.
Aiming: Shock (safe; 3% risk of failure)
Press: ? - help, Q - select action, (/) - cycle Shift-Dir - straight line, f - gnoll, p - gnoll
Aim: a gnoll, wielding a +0 club (75% to hit)
The zap hits the gnoll.
The gnoll is severely wounded.
The zap hits the gnoll.
The gnoll is moderately wounded.
The gnoll hits you from afar with a +0 halberd!
The gnoll hits you with a +4 whip of electrocution!
You are electrocuted!!
* * * LOW HITPOINT WARNING * * *
Press: ? - help, v - describe, . - travel A rock wall.
Unknown command.
Unknown command.
Casting: Shock (safe; 3% risk of failure)
Confirm with . or Enter, or press ? or * to list all spells.
The gnoll is struck by an arc of lightning!
You kill the gnoll!
The lightning grounds out.
The gnoll hits you from afar with a +0 halberd.
* * * LOW HITPOINT WARNING * * *
Your Spellcasting skill increases to level 4!
The gnoll hits you with a +0 halberd.
* * * LOW HITPOINT WARNING * * *
Casting: Static Discharge (safe; 6% risk of failure)
Confirm with . or Enter, or press ? or * to list all spells.
Okay, then.
Casting: Static Discharge (safe; 6% risk of failure)
Confirm with . or Enter, or press ? or * to list all spells.
You feel quick. The gnoll misses you.
There are monsters nearby!
The gnoll hits you from afar with a +0 halberd.
You die...

#.# #.#.......###.#####...
#.###.#..####.##...###....
#...)....# #.#.....###...
#####.#.### #.##>..## ##.#
#.....# #.###.## ### ###.#.# #.#
#.# # #.#.# #.# #.# # #
#.#.###)###'## #. #.)@[[).##...##
#.### ###.#####.....## . ...#
##.#g# ##....g..## #
..##.########...g###.........####
...................g.........'g.g
..##.########.........g......####
##.# #..#.##.#..g....## # #..#
#.##.##.##.g...## #.##
#.##.##.###...##


You could see 2 gnolls.

Vanquished Creatures
  A black bear (D:3)
  A gnoll shaman (D:4)
  An orc wizard (D:4)
  A hound skeleton (D:4)
  3 gnolls (D:4)
  3 adders (D:4)
  A worm (D:2)
  2 dart slugs
  9 orcs (D:4)
  5 bats (D:1)
  9 endoplasms
  7 giant cockroaches
  6 goblins
  5 hobgoblins
  5 jackals
  4 kobolds
  4 quokkas
  7 ball pythons
  3 frilled lizards
  4 rats
81 creatures vanquished.

Notes
Turn   | Place    | Note
-------+----------+-------------------------------------------
     0 | D:1      | calewdscratch the Draconian Air Elementalist began the
                  | quest for the Orb.
     0 | D:1      | Reached XP level 1. HP: 14/14 MP: 3/3
   584 | D:1      | Reached XP level 2. HP: 20/20 MP: 3/5
   609 | D:1      | Learned a level 2 spell: Static Discharge
  1284 | D:1      | Reached XP level 3. HP: 25/26 MP: 0/6
  2467 | D:3      | Found a broken altar of Ashenzari.
  3011 | D:3      | Found a hazy altar of Hepliaklqana.
  3347 | D:3      | Noticed a black bear
  3435 | D:3      | Reached XP level 4. HP: 33/33 MP: 3/8
  4717 | D:4      | Reached XP level 5. HP: 37/38 MP: 1/10
  5510 | D:4      | Noticed Eustachio
  5595 | D:3      | Killed a black bear
  5596 | D:3      | Reached XP level 6. HP: 23/45 MP: 0/11
  5994 | D:4      | Learned a level 3 spell: Swiftness
  6048 | D:4      | Noticed Duvessa
  6242 | D:4      | Slain by a gnoll

Illustrated notes

Levels and vault maps discovered:
D:1:      minmay_arrival_stair_chambers, layout_loops_ring,
          chequers_serial_rivers_micro_a, minmay_misc_feat_doors
D:2:      layout_rooms, minivault_14, hangedman_decor_growths
D:3:      layout_basic, mainiacjoe_overflow_boulevard, lemuel_round_altar
D:4:      layout_loops_corners, chequers_ossuary_entry_cave, uniq_duvessa,
          uniq_eustachio

Skill      XL: |  1  2  3  4  5  6 |
---------------+-------------------+-----
Stealth        | 2 |  2.7
Spellcasting   | 3 4 |  4.0
Air Magic      | 4 |  4.6
Conjurations   | 2 |  2.2
Fighting       | |  0.2
Short Blades   | |  0.3
Dodging        | |  1.9

Action                   |  1- 3 |  4- 6 || total
-------------------------+-------+-------++-------
Melee: Dagger            |    28 |     5 ||    33
       Tailslap          |     2 |       ||     2
       Staff             |       |     3 ||     3
       Short sword       |       |     4 ||     4
 Cast: Shock             |    99 |    74 ||   173
       Static Discharge  |     3 |    12 ||    15
       Swiftness         |       |     1 ||     1
  Use: Scroll            |       |     5 ||     5
Armor: Skin              |    21 |     7 ||    28
Dodge: Dodged            |    27 |    28 ||    55
